 Dungeon Crawl Stone Soup version 0.17.0-73-gb648821 (webtiles) character file.

300 cluie the Agent of Entropy (level 6, -1/48 HPs)
             Began as a Demonspawn Abyssal Knight on Dec 10, 2015.
             Was a Priest of Lugonu.
             Slain by Edmund
             ... wielding a +0 dire flail
              (8 damage)
             ... on level 4 of the Dungeon.
             The game lasted 00:05:55 (909 turns).

cluie the Agent of Entropy (DsAK)                    Turns: 909, Time: 00:05:55

Health: -1/48      AC:  6    Str: 12    XL:     6   Next: 13%
Magic:  9/9        EV: 13    Int: 13    God:    Lugonu [***...]
Gold:   54         SH:  0    Dex: 20    Spells: 0 memorised, 5 levels left

rFire  + . .     SeeInvis .     e - +11 long sword of Deskuas {vamp, Str-2 Dex+7}
rCold  . . .     Clarity  .     h - +3 leather armour {rF+}
rNeg   . . .     SustAt   .     (no shield)
rPois  .         Gourm    .     (helmet restricted)
rElec  .         Spirit   .     (no cloak)
rCorr  .         Warding  .     (no gloves)
rMut   .         Stasis   .     (no boots)
MR     .....                    (no amulet)
Stlth  +.........               (no ring)
                                (no ring)

@: not resistant to hostile enchantments, very unstealthy
A: antennae 1, claws 1, hooves 1, spiny 1
a: Depart the Abyss, Bend Space, Banish, Renounce Religion


You were on level 4 of the Dungeon.
You worshipped Lugonu.
Lugonu was most pleased with you.
You were not hungry.

You visited 1 branch of the dungeon, and saw 4 of its levels.
You visited the Abyss 1 time.
You also visited: Sewer.

You collected 54 gold pieces.

Inventory:

Hand Weapons
 e - the +11 long sword of Deskuas (weapon) {vamp, Str-2 Dex+7}
   (You found it on level 2 of the Abyss)

   It inflicts no extra harm, but heals its wielder somewhat when it strikes a
   living foe.
   It affects your strength (-2).
   It affects your dexterity (+7).
Armour
 h - a +3 leather armour of fire resistance (worn)
Scrolls
 d - 2 scrolls of remove curse
Potions
 b - a potion of curing
 i - a potion of cancellation {unknown}
Comestibles
 c - 4 bread rations
 f - a slice of pizza
 g - 10 chunks of flesh
 l - a meat ration


   Skills:
 + Level 3.8 Fighting
 * Level 3.4 Long Blades
   Level 1.7 Polearms
 - Level 1.7 Armour
 + Level 2.6 Dodging
 + Level 4.3 Invocations


You had 5 spell levels left.
You didn't know any spells.

Dungeon Overview and Level Annotations

Branches:
Dungeon (4/15)
 Temple: D:4-7

Altars:
Nemelex Xobeh
Ru
Vehumet

Annotations:
D:4 Edmund


Innate Abilities, Weirdness & Mutations

You have a pair of small antennae on your head.
You have sharp fingernails.
You have large cloven feet.
You are partially covered in sharp spines.


Message History

Edmund zaps a wand.
The magic dart hits you!
* * * LOW HITPOINT WARNING * * *
Unknown command.
You barely miss Edmund.
Edmund is moderately wounded.
Edmund zaps a wand.
The magic dart hits you!
* * * LOW HITPOINT WARNING * * *
You closely miss Edmund. You kick Edmund, but do no damage.
Edmund is moderately wounded.
Edmund zaps a wand.
The magic dart hits you!
* * * LOW HITPOINT WARNING * * *
Unknown command.
You hit Edmund.
You feel better.
Your kick misses Edmund.
Edmund is moderately wounded.
Edmund zaps a wand.
The magic dart hits you!
Unknown command.
You slash Edmund!
Edmund is severely wounded.
Edmund is struck by your spines. Edmund hits you with a dire flail!
You die...

#.....###8#
##..#..####
#...#...#
#........
.#######........
..........######
.$.......##
.#####...# #.@.#
##@.# #..# #..#
#..# #..# #..#
#..#


You could see Edmund.

Vanquished Creatures
  2 giant frogs (Sewer)
  An orc wizard (D:4)
  3 adders
  6 oozes (Sewer)
  2 worms
  14 giant geckos
  5 orcs (D:4)
  13 ball pythons
  11 giant cockroaches
  3 goblins
  2 kobolds
  A quokka (D:2)
  2 bats
  6 giant newts (Sewer)
  A rat (D:2)
72 creatures vanquished.

Notes
Turn   | Place    | Note
--------------------------------------------------------------
     0 | Abyss:1  | cluie the Demonspawn Abyssal Knight began the quest for the Orb.
     0 | Abyss:1  | Reached XP level 1. HP: 18/18 MP: 2/2
    10 | Abyss:1  | Found a shimmering altar of Xom.
    32 | Abyss:2  | Found a corrupted altar of Lugonu.
    49 | Abyss:2  | Found a bloodstained altar of Trog.
    65 | Abyss:2  | Got a pitted long sword
   106 | Abyss:3  | Noticed a cyan very ugly thing
   106 | Abyss:3  | Noticed a cyan ugly thing
   106 | Abyss:3  | Noticed a cyan very ugly thing
   115 | Abyss:4  | Found a corrupted altar of Lugonu.
   115 | Abyss:4  | Noticed a blizzard demon
   115 | Abyss:4  | Noticed an efreet
   115 | Abyss:4  | Noticed a white draconian
   115 | Abyss:4  | Noticed a balrug
   115 | Abyss:4  | Noticed a water elemental
   115 | Abyss:4  | Noticed a red very ugly thing
   116 | Abyss:4  | haha
   116 | Abyss:4  | if only huh
   116 | Abyss:4  | i know this is a rune vaul too, alas
   116 | D:1      | Escaped the Abyss
   117 | D:1      | huh
   120 | D:1      | Identified the +11 long sword of Deskuas {vamp, Str-2 Dex+7} (You found it on level 2 of the Abyss)
   121 | D:1      | NICE
   147 | D:1      | Reached * piety under Lugonu
   188 | D:2      | Reached skill level 1 in Dodging
   189 | D:2      | Gained mutation: You are partially covered in sharp spines. [demonic ancestry]
   189 | D:2      | Reached XP level 2. HP: 24/24 MP: 4/4
   199 | D:2      | Reached skill level 1 in Long Blades
   544 | D:3      | Found a glowing drain.
   545 | D:3      | Gained mutation: You have large cloven feet. [demonic ancestry]
   545 | D:3      | Reached XP level 3. HP: 29/29 MP: 5/5
   546 | D:3      | MOTHERFUCKER
   566 | Sewer    | Entered a sewer
   620 | Sewer    | Reached ** piety under Lugonu
   643 | Sewer    | Gained mutation: You have a pair of small antennae on your head. [demonic ancestry]
   643 | Sewer    | Reached XP level 4. HP: 33/35 MP: 6/6
   759 | Sewer    | Noticed a giant frog
   761 | Sewer    | Noticed a giant frog
   765 | Sewer    | Killed a giant frog
   765 | Sewer    | Reached skill level 4 in Invocations
   765 | Sewer    | Reached XP level 5. HP: 34/41 MP: 6/8
   766 | Sewer    | Killed a giant frog
   766 | Sewer    | Reached *** piety under Lugonu
   859 | D:4      | Gained mutation: You have sharp fingernails. [demonic ancestry]
   859 | D:4      | Reached XP level 6. HP: 48/48 MP: 9/9
   889 | D:4      | Found a sparkling altar of Nemelex Xobeh.
   889 | D:4      | Found a sacrificial altar of Ru.
   889 | D:4      | Found a radiant altar of Vehumet.
   899 | D:4      | Noticed Edmund
   909 | D:4      | Slain by Edmund

Action                   |  1- 3 |  4- 6 || total
-------------------------+-------+-------++-------
Melee: Long sword        |    37 |    49 ||    86
Invok: Depart the Abyss  |     1 |       ||     1
  Use: Scroll            |     8 |     2 ||    10
 Stab: Sleeping          |     2 |       ||     2
  Eat: Bread ration      |     1 |       ||     1
       Chunk             |       |     1 ||     1
